 Dungeon Crawl Stone Soup version 0.17.0-28-g6e173f8 (webtiles) character file.

2130 MirrMurr the Gouger (level 9, -10/35 HPs)
             Began as a Felid Artificer on Nov 22, 2015.
             Was a Believer of Makhleb.
             Mangled by a two-headed ogre
             ... wielding a +0 giant club
              (13 damage)
             ... on level 8 of the Dungeon.
             The game lasted 00:23:45 (12783 turns).

MirrMurr the Gouger (Felid Artificer)              Turns: 12783, Time: 00:23:45

Health: -10/35     AC:  4    Str: 10    XL:     9   Next: 8%
Magic:  12/12      EV: 19    Int: 13    God:    Makhleb [**....]
Gold:   363        SH:  0    Dex: 23    Spells: 0 memorised, 8 levels left
                                        Lives:  0   Deaths: 2

rFire  . . .     SeeInvis +       - Unarmed
rCold  . . .     Clarity  .     (armour unavailable)
rNeg   + . .     SustAt   .     (shield unavailable)
rPois  .         Gourm    .     (helmet unavailable)
rElec  .         Spirit   .     (cloak unavailable)
rCorr  .         Warding  +     (gloves unavailable)
rMut   .         Stasis   .     (boots unavailable)
MR     +....                    z - amulet of warding
Stlth  +++.......               l - +6 ring of dexterity
                                t - +2 ring of protection

@: quick, somewhat resistant to hostile enchantments, fairly stealthy
A: no armour, no weapons or thrown items, claws 1, fangs 3, see invisible,
breathe flames 1, carnivore 3, speed 1, shaggy fur 2, slow metabolism 1, subdued
magic 1, sharp paws
a: Minor Destruction, Renounce Religion, Breathe Fire


You were on level 8 of the Dungeon.
You worshipped Makhleb.
Makhleb was pleased with you.
You were completely stuffed.

You visited 2 branches of the dungeon, and saw 9 of its levels.

You collected 363 gold pieces.

Inventory:

Jewellery
 e - an uncursed ring of sustain attributes
 l - a +6 ring of dexterity (right paw)
 t - a +2 ring of protection (left paw)
 z - an amulet of warding (around neck)
Wands
 a - a wand of flame (0)
 b - a wand of enslavement (19)
 c - a wand of random effects (0)
 f - a wand of teleportation (2)
Scrolls
 h - a scroll of identify
 i - a scroll of fear {unknown}
 m - a scroll of enchant armour {unknown}
 o - a scroll of fog
 q - a scroll of random uselessness {unknown}
 s - 2 scrolls of recharging
 u - a scroll of amnesia {unknown}
 v - a scroll of blinking {unknown}
 x - 2 scrolls of immolation
 y - a scroll of remove curse
 B - a scroll of magic mapping
Potions
 g - a potion of resistance
 j - 2 potions of magic
 k - a potion of invisibility {unknown}
 r - a potion of brilliance
 A - a potion of lignification
 C - 2 potions of curing
Books
 w - a book of Maledictions

   Spells                             Type                      Level
   a - Corona                         Hexes                        1
   b - Ensorcelled Hibernation        Hexes/Ice                    2
   c - Confuse                        Hexes                        3
   d - Tukima's Dance                 Hexes                        3
   e - Dazzling Spray                 Conjuration/Hexes            3
Comestibles
 d - 5 meat rations
 n - 2 beef jerkies
 p - 2 slices of pizza


   Skills:
 - Level 1.0 Fighting
 - Level 2.6 Dodging
 - Level 1.3 Stealth
 + Level 13.4 Unarmed Combat
 - Level 3.2 Evocations


You had 8 spell levels left.
You didn't know any spells.

Dungeon Overview and Level Annotations

Branches:
Dungeon (8/15)             Temple (1/1) D:5
   Lair: D:8-11

Altars:
Ashenzari
Cheibriados
Dithmenos
Elyvilon
Fedhas
Gozag
Kikubaaqudgha
Makhleb
Nemelex Xobeh
Okawaru
Qazlal
Sif Muna
Trog
Vehumet
Xom
Zin
The Shining One

Annotations:
D:8 Erolcha


Innate Abilities, Weirdness & Mutations

You cannot wear armour.
You are incapable of wielding weapons or throwing items.
You have sharp claws.
You have razor-sharp teeth.
You have supernaturally acute eyesight.
You are carnivorous and can eat meat at any time.
You cover ground quickly.
You are covered in thick fur (AC +2).
You have a slow metabolism.
Your sharp claws are effective at attacking unaware monsters.
You can breathe flames.
Your spells are a little easier to cast, but a little less powerful.


Message History

Press: ? - help, Shift-Dir - straight line, f/p - two-headed ogre
Aim: a two-headed ogre, wielding two giant spiked clubs (chance to defeat MR: 35%)
The two-headed ogre is charmed.
This wand has 19 charges left.
The two-headed ogre hits your two-headed ogre with a giant club!!
The two-headed ogre hits your two-headed ogre with a giant club!
Your two-headed ogre dies!
The two-headed ogre looks more experienced.
You claw the two-headed ogre! You bite the two-headed ogre.
The two-headed ogre is moderately wounded.
You scratch the two-headed ogre. You bite the two-headed ogre.
The two-headed ogre is heavily wounded.
The two-headed ogre hits you with a giant club!!
Ouch! That really hurt!
The two-headed ogre hits you with a giant club!
* * * LOW HITPOINT WARNING * * *
You claw the two-headed ogre!
The two-headed ogre is almost dead.
The two-headed ogre closely misses you.
The two-headed ogre hits you with a giant club!
You die...

#.......#.......
#...............
###.......###..... #.
#........####.###. #.
#.#####.....#.###.
#.###.### #####.#.##..
#.......## ##.......
##....O...## ##........
#.....@....##...#...#..
#.............###...#!.
#.......g...### ##.##..
#..........## ####..
#..........### #..
##...........###### ###
#....<.....#...O..#####
#..........######......
#...........# ######.


You could see a two-headed ogre and a gnoll.

Vanquished Creatures
  Pikel (D:4)
  3 orc warriors
  A black bear (D:6)
  2 ice beasts
  2 sky beasts (D:7)
  A necrophage (D:6)
  3 ogres
  2 phantoms (D:7)
  A crocodile (D:4)
  5 centaurs
  2 giant frogs
  2 scorpions
  6 crimson imps
  2 jellies (D:7)
  2 iguanas (D:6)
  A hound (D:5)
  4 orc wizards
  5 worker ants
  A killer bee zombie (D:7)
  A hound zombie (D:5)
  A hound skeleton (D:5)
  2 worker ant zombies
  10 adders
  6 gnolls
  2 river rats (D:4)
  3 shadow imps
  An ooze (D:4)
  2 adder skeletons
  2 worms (D:2)
  7 giant geckos
  24 orcs
  6 bats
  8 giant cockroaches
  6 hobgoblins
  7 jackals
  4 quokkas
  A ball python (D:4)
  3 giant gecko skeletons
  2 giant gecko zombies
  9 giant newts
  7 goblins
  8 kobolds
  A quokka skeleton (D:5)
  A quokka zombie (D:5)
  8 rats
178 creatures vanquished.

Vanquished Creatures (collateral kills)
  A gnoll (D:2)
1 creature vanquished.

Vanquished Creatures (others)
  A two-headed ogre (D:8)
  2 gnolls (D:2)
  An orc (D:4)
  A ball python (D:4)
5 creatures vanquished.

Grand Total: 184 creatures vanquished

Notes
Turn   | Place    | Note
--------------------------------------------------------------
     0 | D:1      | MirrMurr the Felid Artificer began the quest for the Orb.
     0 | D:1      | Reached XP level 1. HP: 9/9 MP: 4/4
   503 | D:1      | Reached XP level 2. HP: 12/12 MP: 5/5
  1176 | D:2      | Reached XP level 3. HP: 12/15 MP: 6/6
  1982 | D:2      | Reached XP level 4. HP: 10/19 MP: 7/7
  2183 | D:2      | Reached skill level 4 in Unarmed Combat
  2625 | D:3      | Found a white marble altar of Elyvilon.
  3190 | D:3      | Found a shadowy altar of Dithmenos.
  3545 | D:3      | Reached XP level 5. HP: 8/22 MP: 8/8
  3820 | D:3      | Reached skill level 5 in Unarmed Combat
  3830 | D:3      | Found a shimmering altar of Xom.
  3831 | D:3      | Found a shimmering altar of Xom.
  3843 | D:3      | Found a shimmering altar of Xom.
  3844 | D:3      | Found a shimmering altar of Xom.
  3845 | D:3      | Found a shimmering altar of Xom.
  3845 | D:3      | Found a shimmering altar of Xom.
  3845 | D:3      | Found a shimmering altar of Xom.
  3980 | D:4      | Noticed a slave
  4505 | D:4      | Reached skill level 6 in Unarmed Combat
  4624 | D:4      | Noticed a centaur
  4654 | D:4      | Killed a centaur
  4654 | D:4      | Gained mutation: You are covered in thick fur (AC +2). [Felid growth]
  4654 | D:4      | Reached XP level 6. HP: 7/25 MP: 9/9
  4908 | D:4      | Noticed Pikel
  4910 | D:4      | Noticed a slave
  4913 | D:4      | Killed Pikel
  4913 | D:4      | Reached skill level 8 in Unarmed Combat
  4913 | D:4      | Reached XP level 7. HP: 26/28 MP: 10/10
  4916 | D:4      | Noticed a freed slave
  4933 | D:4      | Noticed a freed slave
  5344 | D:4      | Found a bloodstained altar of Trog.
  5443 | D:4      | Found a glowing silver altar of Zin.
  5729 | D:5      | Entered Level 5 of the Dungeon
  5753 | D:5      | Reached skill level 9 in Unarmed Combat
  6082 | D:5      | Found a staircase to the Ecumenical Temple.
  6194 | Temple   | Entered the Ecumenical Temple
  6343 | Temple   | Became a worshipper of Makhleb the Destroyer
  6655 | D:5      | Reached XP level 8. HP: 12/32 MP: 11/11
  7105 | D:5      | Reached skill level 10 in Unarmed Combat
  7390 | D:6      | Mangled by an orc warrior
  7391 | D:6      | Reached XP level 7. HP: -10/28 MP: 10/10
  7835 | D:6      | Reached skill level 11 in Unarmed Combat
  7835 | D:6      | Reached XP level 8. HP: 32/32 MP: 11/11
  7854 | D:6      | Reached * piety under Makhleb
  8123 | D:6      | Gained mutation: You can breathe flames. [potion of mutation]
  8123 | D:6      | Gained mutation: Your spells are a little easier to cast, but a little less powerful. [potion of mutation]
  8125 | D:6      | HP: 1/32 [poison (a potion of poison)]
  8126 | D:6      | Succumbed to poison (a potion of poison)
  8127 | D:6      | Reached XP level 7. HP: 0/28 MP: 10/10
 10132 | D:7      | Reached skill level 12 in Unarmed Combat
 10132 | D:7      | Reached XP level 8. HP: 32/32 MP: 11/11
 11791 | D:7      | Reached ** piety under Makhleb
 11966 | D:8      | Found a shattered altar of Ashenzari.
 11983 | D:8      | Reached skill level 13 in Unarmed Combat
 12026 | D:8      | Noticed a two-headed ogre
 12311 | D:8      | Noticed Erolcha
 12500 | D:7      | Reached XP level 9. HP: 35/35 MP: 12/12
 12712 | D:8      | Noticed a two-headed ogre
 12779 | D:8      | a two-headed ogre (ally) was killed
 12783 | D:8      | Mangled by a two-headed ogre

Action                   |  1- 3 |  4- 6 |  7- 9 || total
-------------------------+-------+-------+-------++-------
Melee: Unarmed           |    96 |   103 |   357 ||   556
Evoke: Wand              |     3 |    19 |    16 ||    38
  Use: Scroll            |     2 |     4 |    10 ||    16
       Potion            |     1 |       |     6 ||     7
 Stab: Sleeping          |     6 |     3 |    11 ||    20
       Distracted        |       |     2 |     2 ||     4
       Paralysed         |       |     1 |       ||     1
  Eat: Chunk             |     9 |     6 |    27 ||    42
